 Dungeon Crawl Stone Soup version 0.31.0-12-g77e489cdc1 (webtiles) character file.

Game seed: 71600921865217500

4 spaghetti the Charlatan (level 1, 0/10 (15) HPs)
             Began as a Human Artificer on Mar 5, 2024.
             Slain by a hobgoblin (2 damage)
             ... on level 1 of the Dungeon.
             The game lasted 00:00:22 (168 turns).

spaghetti the Charlatan (Human Artificer)            Turns: 168, Time: 00:00:23

HP:   0/10 (15)     AC:  3    Str: 12    XL:     1   Next: 60%
MP:   1/1           EV: 11    Int: 11    God:
Gold: 0             SH:  0    Dex: 13    Spells: 0/0 levels left

rFire   . . .        h - +2 whip (venom)
rCold   . . .        (no shield)
rNeg    . . .        b - +0 leather armour
rPois   .            (no helmet)
rElec   .            (no cloak)
rCorr   .            (no gloves)
SInv    .            (no boots)
Will    .....        (no amulet)
Stlth   ++           (no ring)
HPRegen 0.21/turn    (no ring)
MPRegen 0.07/turn

%: no passive effects
@: very heavily drained, invisible
A: explore regen
a: no special abilities


You were on level 1 of the Dungeon.
You visited 1 branch of the dungeon, and saw 1 of its levels.

Inventory:

Hand Weapons
 a - a +0 club
 h - a +2 whip of venom (weapon)
Armour
 b - a +0 leather armour (worn)
Wands
 c - a wand of flame (13)
 d - a wand of charming (15)
 e - a wand of iceblast (5)
Scrolls
 g - a scroll of immolation {unknown}


   Skills:
 - Level 1.0 Fighting
 - Level 2.0 Armour
 - Level 1.0 Dodging
 + Level 1.7 Stealth
 - Level 3.0 Evocations


You couldn't memorise any spells.
You didn't know any spells.
Your spell library was empty.

Dungeon Overview and Level Annotations

Branches:
Dungeon (1/15)

Altars:


Innate Abilities, Weirdness & Mutations

You regain HP and MP as you explore.


Message History

You are too injured to fight recklessly!
You are too injured to fight recklessly!
You are too injured to fight recklessly!
You are too injured to fight recklessly!
You closely miss the hobgoblin.
The hobgoblin is severely wounded.
You kill the hobgoblin!
You see here a hobgoblin corpse.
A kobold comes into view. It is wielding a +0 dagger of draining.
A bat comes into view.
Found 7 gold pieces.
The kobold shouts!
The hobgoblin shouts!
You barely miss the kobold. The bat hits you but does no damage.
The kobold hits you with a +0 dagger of draining.
You feel drained.
You completely miss the kobold. The bat hits you.
The kobold hits you but does no damage.
You feel drained. The bat barely misses you.
You closely miss the kobold. The bat closely misses you.
The bat hits you but does no damage. The kobold closely misses you.
The bat hits you but does no damage.
The kobold hits you with a +0 dagger of draining.
You feel drained.
The hobgoblin hits you but does no damage.
You barely miss the kobold. The kobold hits you but does no damage.
You feel drained. The hobgoblin hits you.
You hit the kobold but do no damage.
The kobold is poisoned.
Your punch misses the kobold. The bat hits you.
The kobold hits you with a +0 dagger of draining.
You feel drained. The hobgoblin hits you.
* * * LOW HITPOINT WARNING * * *
Unknown command.
The kobold throws a stone.
The stone hits you but does no damage.
The hobgoblin attacks as it pursues you!
The hobgoblin hits you.
* * * LOW HITPOINT WARNING * * *
It was a potion of invisibility.
You fade into invisibility!
The hobgoblin hits you.
You die...

########## #######
.. ......## #.
###†..##### #.$
#!>.#.....# #..
#.#...###.########
#... #†##.##
#........#
.##...##@##.#
########.#
.......#g##.# #.#
#.....Kb##.# #.#
............# #.#
............# #.#
...#........# #..
.. ##......##
######## .
##..##.# #.......
##.# .# #.######


You could see a hobgoblin (unable to see you), a bat and a kobold (unable to see
you, very poisoned).

Vanquished Creatures
  A goblin (D:1)
  2 hobgoblins (D:1)
3 creatures vanquished.

Notes
Turn   | Place    | Note
-------+----------+-------------------------------------------
     0 | D:1      | spaghetti the Human Artificer began the quest for the Orb.
     0 | D:1      | Reached XP level 1. HP: 15/15 MP: 1/1
   168 | D:1      | Slain by a hobgoblin

Illustrated notes

Levels and vault maps discovered:
D:1:      mainiacjoe_arrival_oval_in_oval, layout_loops_ring

Action                     || total
---------------------------++-------
  Melee: Whip              ||     7
  Evoke: Wand              ||     2
    Use: Potion            ||     1
 Armour: Leather armour    ||    17
  Dodge: Dodged            ||     3
